 Dungeon Crawl Stone Soup version 0.30-a0-34-gbe8da3892a (webtiles) character file.

Game seed: 13921433662909797762

3 Sobieck the Sneak (level 1, -2/22 HPs)
             Began as a Troll Delver on Aug 27, 2022.
             Slain by a black bear (6 damage)
             ... on level 4 of the Dungeon.
             The game lasted 00:00:31 (77 turns).

Sobieck the Sneak (Troll Delver)                      Turns: 77, Time: 00:00:32

Health: -2/22      AC:  4    Str: 19    XL:     1   Next: 41%
Magic:  0/0        EV:  9    Int:  6    God:
Gold:   0          SH:  0    Dex: 11    Spells: 0/0 levels left

rFire   . . .      SeeInvis .      - Unarmed
rCold   . . .      Faith    .    (no shield)
rNeg    . . .      Spirit   .    a - +0 robe
rPois   .          Reflect  .    (helmet restricted)
rElec   .          Harm     .    (no cloak)
rCorr   .          Rampage  .    (gloves unavailable)
Will    .....                    (boots unavailable)
Stlth   ++........               (no amulet)
HPRegen 0.87/turn                (no ring)
MPRegen 0.07/turn                (no ring)

@: no status effects
A: large, unfitting armour, claws 3, regeneration 1, shaggy fur 1, tough skin 1
a: no special abilities


You were on level 4 of the Dungeon.
You visited 1 branch of the dungeon, and saw 3 of its levels.


Innate Abilities, Weirdness & Mutations

You are too large for most types of armour.
You have claws for hands.
Your natural rate of healing is unusually fast.
You are covered in fur. (AC +1)
You have tough skin. (AC +1)


   Skills:
 + Level 2.5 Fighting
 - Level 1.5 Dodging
 - Level 2.7 Stealth
 + Level 2.1 Unarmed Combat


You couldn't memorise any spells.
You didn't know any spells.
Your spell library was empty.

Inventory:

Hand Weapons
 g - a +0 club {mace}
   (You took it off a goblin on level 4 of the Dungeon)
 j - a +3 dagger {short}
   (You found it on level 4 of the Dungeon)
 k - a +0 mace {mace}
   (You took it off an orc on level 4 of the Dungeon)
Missiles
 i - 4 stones (quivered) {throwing}
Armour
 a - a +0 robe (worn)
Wands
 f - a wand of digging (3)
Scrolls
 b - a scroll of fog
 c - a scroll of magic mapping {!r}
 d - a scroll of fear
Potions
 e - a potion of haste {@q3}
 h - a potion of flight {unknown}

Dungeon Overview and Level Annotations

Branches:
Dungeon (6/15) Zot: 17922
 Temple: D:4-7

Altars:

...?...........
#...........#
##.......# #....!..#
.....###..#######
..# ##..##...##
###.......##
#...h......##
#....@......##
#............##
##.............##
#...........†...#
#...............#
#................#
#...................
#...............[...
#................###


You could see a black bear.


Message History

🤖 Initializing magus.rc ...
Options error: Bad monster_list_colour key: strict_neutral (~/.crawlrc:4811) Bad channel name for runrest: 'pray:' ✅ Successfully initialized magus_sobieck.rc [v0.0.2] Welcome, Sobieck the Troll Delver.
They say the Orb of Zot lies within this dungeon, but they say a lot of things.
Press ? for a list of commands and other information.
Found a stone staircase leading down and two stone staircases leading up.
Unknown command.
(D) Dungeon
Where to? (? - help)
An orc comes into view. It is wielding a +0 whip.
Danger!
Unknown command.
There is a stone staircase leading down here.
You climb downwards.
There is a stone staircase leading up here.
Unknown command.
Unknown command.
You climb upwards.
There is a stone staircase leading down here.
Unknown command.
The orc shouts!
You hear a shout!
An orc comes into view. It is wielding a +0 flail.
You hear a shout!
There is a stone staircase leading up here.
Danger!
You climb upwards.
There is a stone staircase leading down here.
Unknown command.
Unknown command.
A goblin comes into view. It is wielding a +0 club.
Danger!
An orc comes into view. It is wielding a +0 mace.
The goblin shouts!
The goblin hits you with a +0 club.
You claw the goblin!
You kill the goblin!
g - a +0 club {mace}
h - a golden potion
i - 5 stones {throwing} You see here a +3 dagger {short}.
Danger!
j - a +3 dagger {short} The orc shouts!
The orc hits you with a +0 mace.
You barely miss the orc. The orc barely misses you.
You closely miss the orc. The orc closely misses you.
You claw the orc!
You kill the orc!
k - a +0 mace {mace} You see here an orc corpse.
Unknown command.
A black bear comes into view.
Danger!
Unknown command.
Things that are here:
a yellow potion; 10 gold pieces Unknown command.
Throw: 5 stones {throwing}
Press: ? - help, Q - select action Shift-Dir - straight line, f - black bear
Aim: a black bear (64% to hit)
You throw a stone {throwing}.
The stone {throwing} hits the black bear but does no damage.
Unknown command.
You barely miss the black bear. The black bear bites you!
The black bear barely misses you. The black bear claws you.
You scratch the black bear but do no damage.
The black bear bites you. The black bear claws you.
* * * LOW HITPOINT WARNING * * *
The black bear completely misses you.
Unknown command.
You barely miss the black bear. The black bear barely misses you.
The black bear claws you but does no damage.
The black bear claws you.
* * * LOW HITPOINT WARNING * * *
You barely miss the black bear. The black bear closely misses you.
The black bear claws you but does no damage. x2
Unknown command.
You barely miss the black bear. The black bear closely misses you.
The black bear claws you but does no damage.
The black bear claws you.
* * * LOW HITPOINT WARNING * * *
You scratch the black bear but do no damage.
The black bear bites you but does no damage.
The black bear claws you but does no damage.
The black bear claws you.
* * * LOW HITPOINT WARNING * * *
You barely miss the black bear. You claw the black bear!
The black bear bites you.
* * * LOW HITPOINT WARNING * * *
The black bear claws you.
* * * LOW HITPOINT WARNING * * *
The black bear misses you.
You barely miss the black bear. The black bear bites you.
* * * LOW HITPOINT WARNING * * *
The black bear completely misses you. The black bear closely misses you.
You claw the black bear! The black bear bites you.
You die...

Action                   || total
-------------------------++-------
Melee: Unarmed           ||    13
       Punch             ||     1
Throw: Stone             ||     1
Armor: Robe              ||     6
Dodge: Dodged            ||    10

Levels and vault maps discovered:
D:4:      layout_cave_pods
D:5:      layout_rooms, nemelex_diamond_rough_becter, serial_shops, shop_coins,
          uniq_grinder
D:6:      layout_loops_corners, makhleb_grotto_becter,
          mainiacjoe_overflow_boulevard, nicolae_qazlal_scattered_showers,
          mainiacjoe_overflow_surrounded_room,
          mainiacjoe_overflow_catch_the_wave, minmay_temple_entry_from_below_b

Notes
Turn   | Place    | Note
-------+----------+-------------------------------------------
     0 | D:5      | Sobieck the Troll Delver began the quest for the Orb.
     0 | D:5      | Reached XP level 1. HP: 22/22 MP: 0/0
    60 | D:4      | Noticed a black bear
    76 | D:4      | HP: 3/22 [black bear (4)]
    77 | D:4      | Slain by a black bear

Vanquished Creatures
  An orc (D:4)
  A goblin (D:4)
2 creatures vanquished.

Table legend:
 A = Non-vault XP
 B = Vault XP
 C = Vault XP percentage of total XP
 D = Non-vault monster count
 E = Vault monster count
 F = Vault count percentage of total count
                 A         B        C        D         E       F
            +---------+---------+-------+---------+---------+-------
      Total |       5 |       0 |   0.0 |       2 |       0 |   0.0
            +---------+---------+-------+---------+---------+-------
        D:4 |       5 |       0 |   0.0 |       2 |       0 |   0.0
            +---------+---------+-------+---------+---------+-------

Illustrated notes

Table legend:
 A = Kills in this place as a percentage of kills in entire the game.
 B = Kills by you in this place as a percentage of kills by you in the entire game.
 C = Kills by friends in this place as a percentage of kills by friends in the entire game.
 D = Other kills in this place as a percentage of other kills in the entire game.
 E = Experience gained in this place as a percentage of experience gained in the entire game.
 F = Experience gained in this place divided by the number of levels of this place that you have seen.
                   A       B       C       D       E      F
               +-------+-------+-------+-------+-------+----------------------
         Total | 100.0 | 100.0 |   N/A |   N/A | 100.0 |   1.7
       Dungeon | 100.0 | 100.0 |   N/A |   N/A | 100.0 |   1.7
               +-------+-------+-------+-------+-------+----------------------

Table legend: (Time is in decaauts)
 A = Elapsed time spent in this place.
 B = Non-inter-level travel time spent in this place.
 C = Inter-level travel time spent in this place.
 D = Time resting spent in this place.
 E = Time spent auto-exploring this place.
 F = Levels seen in this place.
 G = Mean time per level.
                   A        B        C        D        E       F      G
               +--------+--------+--------+--------+--------+-----+--------+
         Total |     76 |     75 |      1 |      0 |     16 |   3 |   25.3 |
       Dungeon |     76 |     75 |      1 |      0 |     16 |   3 |   25.3 |
               +--------+--------+--------+--------+--------+-----+--------+

Top non-repeatable levels by time:
     D:4: 64 daAuts
     D:5: 10 daAuts
     D:6: 1 daAuts
